 Dungeon Crawl Stone Soup version 0.28-b1-1-g3c77fb2ed1 (webtiles) character file.

Game seed: 14659663070164262113

5 markar the Digger (level 1, 0/15 HPs)
             Began as a Demigod Earth Elementalist on Jan 31, 2022.
             Slain by a jackal (1 damage)
             ... on level 1 of the Dungeon.
             The game lasted 00:00:55 (100 turns).

markar the Digger (Demigod Earth Elementalist)       Turns: 100, Time: 00:00:56

Health: 0/15       AC:  2    Str:  9    XL:     1   Next: 53%
Magic:  0/5        EV: 12    Int: 17    God:
Gold:   8          SH:  0    Dex: 14    Spells: 2/3 levels left

rFire   . . .      SeeInvis .   e - +0 dagger
rCold   . . .      Faith    .   (no shield)
rNeg    . . .      Spirit   .   b - +0 robe
rPois   +          Reflect  .   (no helmet)
rElec   .          Harm     .   (no cloak)
rCorr   .          Rampage  .   (no gloves)
Will    .....                   (no boots)
Stlth   ++........              (no amulet)
HPRegen 0.05/turn               a - ring of poison resistance
MPRegen 0.09/turn               (no ring)

@: no status effects
A: high mp 1, forlorn, divine attributes
a: no special abilities


You were on level 1 of the Dungeon.
You visited 1 branch of the dungeon, and saw 1 of its levels.

You collected 8 gold pieces.

Inventory:

Hand Weapons
 e - a +0 dagger (weapon)
Missiles
 c - 22 stones
Armour
 b - a +0 robe (worn)
Jewellery
 a - a ring of poison resistance (left hand)
Scrolls
 d - a scroll of teleportation {unknown}


   Skills:
 + Level 0.3 Fighting
 - Level 1.9 Dodging
 - Level 1.7 Stealth
 - Level 1.7 Spellcasting
 - Level 0.8 Transmutations
 + Level 2.9 Earth Magic


You had 2 spell levels left.
You knew the following spells:

 Your Spells              Type           Power      Damage    Failure   Level
a - Sandblast             Erth           22%        2d7       6%          1

Your spell library contained the following spells:

 Spells                   Type           Power      Damage    Failure   Level
 Passwall                 Tmut/Erth      5%         N/A       14%         2
 Stone Arrow              Conj/Erth      12%        3d7       32%         3
 Petrify                  Tmut/Erth      7%         N/A       67%         4


Dungeon Overview and Level Annotations

Branches:
Dungeon (1/15)


Innate Abilities, Weirdness & Mutations

You have an increased reservoir of magic. (+10% MP)
You shall have no god before yourself.
Your divine heritage dramatically boosts your attributes as you level up.


Message History

Press: ? - help, Shift-Dir - straight line, f/p - jackal
Aim: a jackal (moderately wounded, 74% to hit)
The blast of sand misses the jackal.
The jackal bites you.
A kobold comes into view. It is wielding a +0 dagger.
The jackal barely misses you. The jackal closely misses you.
The jackal closely misses you.
You see here a +0 dagger.
e - a +0 dagger The jackal misses you.
e - a +0 dagger (weapon)
The jackal bites you.
* * * LOW HITPOINT WARNING * * *
You hit the jackal.
The jackal is moderately wounded.
The jackal bites you.
* * * LOW HITPOINT WARNING * * *
Casting: Sandblast (safe; 6% risk of failure)
Confirm with . or Enter, or press ? or * to list all spells.
Aiming: Sandblast (safe; 6% risk of failure)
Press: ? - help, Shift-Dir - straight line, f/p - jackal
Aim: a jackal (moderately wounded, 74% to hit)
The blast of sand hits the jackal!
You kill the jackal!
You hit the jackal.
The jackal is lightly wounded.
The jackal misses you. The jackal closely misses you.
You hit the jackal but do no damage.
The jackal is lightly wounded.
The jackal barely misses you.
You hit the jackal but do no damage. The jackal closely misses you. x2
You barely miss the jackal. The jackal bites you.
* * * LOW HITPOINT WARNING * * *
You hit the jackal.
The jackal is lightly wounded.
The jackal bites you but does no damage.
You hit the jackal but do no damage.
The jackal is lightly wounded.
The jackal bites you.
You die...

###≈≈≈..♣P#.♣### #h
#.'....♣P#P###.## ##.
#..###.#############K###.#
#..............†h.......##
#............######...###
...#######..............#
## #h#########...## #h#
##.## #@# #.# #.# #.# #.#
#.# #.# .# ..# ###


You could see 2 jackals.

Vanquished Creatures
  A ball python (D:1)
  A goblin (D:1)
  2 jackals (D:1)
4 creatures vanquished.

Notes
Turn   | Place    | Note
-------+----------+-------------------------------------------
     0 | D:1      | markar the Demigod Earth Elementalist began the quest for
                  | the Orb.
     0 | D:1      | Reached XP level 1. HP: 14/14 MP: 5/5
   100 | D:1      | Slain by a jackal

Illustrated notes

Levels and vault maps discovered:
D:1:      tarquinn_simple_flora_water_d, layout_loops_ring,
          hangedman_decor_points, minmay_ruptured

Action                   || total
-------------------------++-------
Melee: Dagger            ||     7
       Unarmed           ||     6
 Cast: Sandblast         ||     8
Armor: Robe              ||     2
Dodge: Dodged            ||    20
